 Dungeon Crawl Stone Soup version 0.25-a0-294-gea9b1ad378 (webtiles) character file.

Game seed: 17026317344935037449, levelgen mode: deterministic

46 Lanoc the Grave Robber (level 3, -4/21 HPs)
             Began as an Octopode Necromancer on Dec 19, 2019.
             Slain by a hobgoblin
             ... wielding a +0 club
             ... led by Robin
              (5 damage)
             ... on level 2 of the Dungeon.
             The game lasted 00:02:10 (1132 turns).

Lanoc the Grave Robber (Octopode Necromancer)       Turns: 1132, Time: 00:02:10

Health: -4/21      AC:  1    Str:  7    XL:     3   Next: 68%
Magic:  2/15       EV: 14    Int: 18    God:
Gold:   80         SH:  0    Dex: 14    Spells: 1/6 levels left

rFire    . . .     SeeInvis .   (no weapon)
rCold    . . .     Gourm    .   (no shield)
rNeg     . . .     Faith    .   (helmet restricted)
rPois    .         Spirit   .   (no amulet)
rElec    .         Reflect  .   a - ring of magical power
rCorr    .         Harm     .   i - +2 ring of dexterity
MR       .....                  (no ring)
Stlth    +++.......             (no ring)
HPRegen  0.07/turn              (no ring)
MPRegen  0.14/turn              (no ring)
                                (no ring)
                                (no ring)

@: very slightly contaminated
A: almost no armour, stealthy swim, amphibious, 8 rings, constrict 8, camouflage
1, gelatinous body 1
a: no special abilities


You were on level 2 of the Dungeon.
You were not hungry.

You visited 1 branch of the dungeon, and saw 2 of its levels.

You collected 80 gold pieces.

Inventory:

Jewellery
 a - a ring of magical power (left tentacle)
 i - a +2 ring of dexterity (right tentacle)
Scrolls
 c - 6 scrolls of identify {unknown}
 d - 2 scrolls of enchant armour {unknown}
 g - a scroll of random uselessness {unknown}
 h - a scroll of remove curse {unknown}
Potions
 e - 2 potions of agility {unknown}
 f - 2 potions of magic {unknown}
Comestibles
 b - a ration


   Skills:
 + Level 2.7 Dodging
 - Level 2.6 Stealth
 - Level 2.0 Spellcasting
 * Level 4.9 Necromancy


You had one spell level left.
You knew the following spells:

 Your Spells              Type           Power        Failure   Level  Hunger
a - Pain                  Necr           ###.         2%          1    #......
b - Animate Skeleton      Necr           N/A          2%          1    #......
c - Vampiric Draining     Necr           ###.......   7%          3    ###....

Your spell library contained the following spells:

 Spells                   Type           Power        Failure   Level  Hunger
 Regeneration             Chrm/Necr      ##........   21%         3    ###....
 Animate Dead             Necr           N/A          24%         4    #####..


Dungeon Overview and Level Annotations

Branches:
Dungeon (2/15)

Altars:

Annotations:
D:2 Robin


Innate Abilities, Weirdness & Mutations

You cannot wear most types of armour.
You are very stealthy in the water. (Stealth+)
You are amphibious.
You can wear up to eight rings at the same time.
You can use your tentacles to constrict eight enemies at once.
Your skin changes colour to match your surroundings (Stealth+).
Your rubbery body absorbs attacks. (AC +1, EV +1)


Message History

* * * LOW HITPOINT WARNING * * *
The goblin barely misses you.
Casting: Vampiric Draining (safe; 7% risk of failure)
Confirm with . or Enter, or press ? or * to list all spells.
Aiming: Vampiric Draining (safe; 7% risk of failure)
Press: ? - help, Shift-Dir - straight line, f/p - hobgoblin
Aim: a hobgoblin (heavily wounded, unusually strong)
You kill the hobgoblin!
You feel life coursing into your body. The goblin closely misses you.
The goblin completely misses you.
Casting: Vampiric Draining (safe; 7% risk of failure)
Confirm with . or Enter, or press ? or * to list all spells.
Aiming: Vampiric Draining (safe; 7% risk of failure)
Press: ? - help, Shift-Dir - straight line, f - goblin
Aim: a goblin, wielding a +0 club (unusually strong)
You kill the goblin!
You feel life coursing into your body. The goblin hits you with a +0 club.
* * * LOW HITPOINT WARNING * * *
The hobgoblin hits you with a +0 club.
You die...

#### ########.....
..#####.##.g.....#
..r...)gg.gggl.#.#
.#####@##<##.gg..#
####.# ..... #.#
#..# #.. g. ### #


You could see Robin, 2 hobgoblins, 3 goblins, a frilled lizard and a rat
(sleeping).

Vanquished Creatures
  An adder (D:2)
  An ooze (D:1)
  3 dart slugs (D:1)
  A leopard gecko (D:1)
  4 goblins
  6 hobgoblins
  5 bats (D:1)
  A kobold (D:1)
  4 rats (D:1)
26 creatures vanquished.

Notes
Turn   | Place    | Note
-------+----------+-------------------------------------------
     0 | D:1      | Lanoc the Octopode Necromancer began the quest for the Orb.
     0 | D:1      | Reached XP level 1. HP: 11/11 MP: 3/3
    43 | D:1      | Reached XP level 2. HP: 12/17 MP: 0/5
    47 | D:1      | Learned a level 1 spell: Animate Skeleton
   289 | D:1      | Reached XP level 3. HP: 3/21 MP: 6/6
  1010 | D:1      | Learned a level 3 spell: Vampiric Draining
  1122 | D:2      | Noticed Robin
  1130 | D:2      | HP: 1/21 [Robin/goblin (1)]
  1132 | D:2      | Slain by a hobgoblin

Levels and vault maps discovered:
D:1:      psy_arrival_radial01, layout_basic, feat_on_display
D:2:      layout_loops_cross, first_ration, uniq_robin

Action                   || total
-------------------------++-------
Melee: Unarmed           ||     2
 Cast: Pain              ||    39
       Animate Skeleton  ||     2
       Vampiric Draining ||     2
 Stab: Sleeping          ||     1
  Eat: Chunk             ||     1
Dodge: Dodged            ||    12

Table legend:
 A = Non-vault XP
 B = Vault XP
 C = Vault XP percentage of total XP
 D = Non-vault monster count
 E = Vault monster count
 F = Vault count percentage of total count
                 A         B        C        D         E       F
            +---------+---------+-------+---------+---------+-------
      Total |      63 |       4 |   6.0 |      24 |       2 |   7.7
            +---------+---------+-------+---------+---------+-------
        D:1 |      49 |       0 |   0.0 |      23 |       0 |   0.0
        D:2 |      14 |       4 |  22.2 |       1 |       2 |  66.7
            +---------+---------+-------+---------+---------+-------
